 Dungeon Crawl Stone Soup version 0.24.0-10-g970556be89 (webtiles) character file.

Game seed: 4349970774845487903, levelgen mode: deterministic

47472 LostNumber the Slinger (level 14, 0/97 (101) HPs)
             Began as an Octopode Hunter on Nov 3, 2019.
             Was the Champion of Okawaru.
             Succumbed to a death drake's dark miasma
             ... on level 11 of the Dungeon.
             The game lasted 00:35:37 (21293 turns).

LostNumber the Slinger (Octopode Hunter)           Turns: 21293, Time: 00:35:38

HP:   0/97 (101)    AC:  1    Str: 19    XL:     14   Next: 42%
MP:   21/21         EV: 19    Int: 20    God:    Okawaru [******]
Gold: 904           SH: 23    Dex: 16    Spells: 13/13 levels left

rFire    . . .     SeeInvis .   b - +6 whip of Circular Logic {freeze, rC+}
rCold    + . .     Gourm    .   s - +3 large shield
rNeg     . . .     Faith    +   O - +0 hat {Int+3}
rPois    .         Spirit   .   J - amulet of faith {!P}
rElec    .         Reflect  .   y - +4 ring of strength
rCorr    +         Harm     .   R - +2 ring of strength
MR       ++...                  U - +4 ring of intelligence
Stlth    ++++++++..             T - ring of resist corrosion
HPRegen  0.00/turn              l - ring of protection from magic
MPRegen  0.17/turn              (no ring)
                                (no ring)
                                (no ring)

@: lethally poisoned (0 -> -65), heroism, berserk cooldown, non-regenerating,
diseased, slowed, very slow
A: almost no armour, stealthy swim, amphibious, 8 rings, constrict 8, camouflage
1, gelatinous body 1
a: Heroism, Finesse, Renounce Religion


You were on level 11 of the Dungeon.
You worshipped Okawaru.
Okawaru was exalted by your worship.
You were not hungry.

You visited 3 branches of the dungeon, and saw 18 of its levels.
You also visited: Ice Cave.

You collected 1150 gold pieces.
You spent 246 gold pieces at shops.

Inventory:

Hand Weapons
 a - the +10 fustibalus "Qedaqeox" {flame, rPois Str+3}
   (You acquired it on level 1 of the Lair of Beasts)

   It causes projectiles fired from it to burn those they strike, causing extra
   injury to most foes and up to half again as much damage against particularly
   susceptible opponents.
   It affects your strength (+3).
   It protects you from poison.
 b - the +6 whip of Circular Logic (weapon) {freeze, rC+}
   (You found it on level 7 of the Dungeon)

   It has been specially enchanted to freeze those struck by it, causing extra
   injury to most foes and up to half again as much damage against particularly
   susceptible opponents.
   It can also slow down cold-blooded creatures.
   It protects you from cold.
 k - a +0 hunting sling of velocity
   (You found it on level 1 of the Dungeon)
 v - the +10 hunting sling of the Demagogue {venom, Int+4, unknown}
   (Okawaru gifted it to you on level 6 of the Lair of Beasts)

   It poisons the ammo it fires.
   It affects your intelligence (+4).
 D - a +1 hunting sling
 G - a +0 whip of electrocution
   (You took it off Pikel on level 4 of the Dungeon)
 K - a +4 scimitar of freezing
   (You took it off a wight on level 7 of the Dungeon)
 S - a +4 hunting sling of velocity
   (You acquired it on level 10 of the Dungeon)
Missiles
 f - 419 stones (quivered)
 r - a throwing net {!f}
 L - 333 sling bullets
Armour
 s - a +3 large shield (worn)
   (You found it on level 4 of the Dungeon)
 E - the +1 shield of the Red Skies {*Corrode rPois MR++ Str+6}
   (Okawaru gifted it to you on level 6 of the Lair of Beasts)

   It affects your strength (+6).
   It protects you from poison.
   It affects your resistance to hostile enchantments.
   It may corrode you when you take damage.
 O - a +0 hat of intelligence (worn)
   (You took it off Gastronok on level 8 of the Dungeon)
Jewellery
 l - a ring of protection from magic (on tentacle)
   (You found it on level 11 of the Dungeon)
 y - a +4 ring of strength (left tentacle)
   (You found it on level 5 of the Dungeon)
 J - an amulet of faith (around mantle) {!P}
   (You found it on level 8 of the Dungeon)
 R - a +2 ring of strength (right tentacle)
   (You found it on level 9 of the Dungeon)
 T - a ring of resist corrosion (on tentacle)
   (You found it on level 3 of the Lair of Beasts)
 U - a +4 ring of intelligence (on tentacle)
   (You found it on level 9 of the Dungeon)
Wands
 c - a wand of disintegration (13)
   (You took it off Maurice on level 8 of the Dungeon)
 d - a wand of iceblast (41)
   (You found it on level 7 of the Dungeon)
 t - a wand of flame (26)
   (You took it off a big kobold on level 9 of the Dungeon)
 x - a wand of acid (8)
   (You took it off an orc priest on level 8 of the Dungeon)
Scrolls
 g - 3 scrolls of enchant weapon
 h - 8 scrolls of remove curse {@r2}
 m - 8 scrolls of teleportation {@r4}
 p - 4 scrolls of immolation {!r}
 q - 3 scrolls of fog
 u - 4 scrolls of magic mapping
 w - a scroll of identify {@r1}
 A - 3 scrolls of enchant armour
 C - 3 scrolls of vulnerability {!r}
 H - 2 scrolls of silence
 I - 5 scrolls of blinking
Potions
 i - 4 potions of cancellation
 j - 6 potions of berserk rage
 n - a potion of might
 o - 5 potions of lignification {!q}
 z - 2 potions of mutation {!q}
 B - 2 potions of heal wounds {@q2}
 F - 4 potions of curing {@q1}
 N - a potion of ambrosia
 P - a potion of flight
 V - 3 potions of brilliance
 X - a potion of resistance
 Y - a potion of magic
Comestibles
 e - 22 rations {!d}
 M - 18 chunks of flesh


   Skills:
 + Level 11.2(16.2) Fighting
   Level 0.1(5.1) Short Blades
 - Level 4.0(9.0) Maces & Flails
 - Level 14.0(19.0) Slings
 + Level 5.5(10.5) Dodging
 - Level 12.0(17.0) Stealth
 + Level 10.6(15.6) Shields
 + Level 9.8 Invocations


You had 13 spell levels left.
You didn't know any spells.
Your spell library contained the following spells:

 Spells                   Type           Power        Failure   Level  Hunger
 Flame Tongue             Conj/Fire      #....        54%         1    ##.....
 Shock                    Conj/Air       #...         54%         1    ##.....
 Poisonous Vapours        Pois/Air       #.....       67%         2    ###....
 Throw Flame              Conj/Fire      #.....       67%         2    ###....
 Conjure Flame            Conj/Fire      #.......     88%         3    ####...
 Inner Flame              Hex/Fire       #.......     88%         3    ####...
 Force Lance              Conj/Tloc      #.......     99%         4    #####..
 Sticky Flame             Conj/Fire      #.......     99%         4    #####..
 Alistair's Intoxication  Tmut/Pois      #.......     100%        5    ######.
 Fireball                 Conj/Fire      #.........   100%        5    ######.


Dungeon Overview and Level Annotations

Branches:
Dungeon (11/15)            Temple (1/1) D:6            Lair (6/6) D:11
 Shoals (0/4) Lair:3       Spider (0/4) Lair:4        Slime (0/5) Lair:6
  IceCv (visited)
    Orc: D:9-12

Altars:
Ashenzari
Dithmenos
Elyvilon
Fedhas
Kikubaaqudgha
Makhleb
Okawaru
Qazlal
Trog
Vehumet
Wu Jian
Yredelemnul
The Shining One
Jiyva

Shops:
D:7 !   D:11 ?

Annotations:
D:4 1 runed translucent door, Crazy Yiuf
D:8 2 transporters
Lair:2 exclusion: 3 oklob plants


Innate Abilities, Weirdness & Mutations

You cannot wear most types of armour.
You are very stealthy in the water. (Stealth+)
You are amphibious.
You can wear up to eight rings at the same time.
You can use your tentacles to constrict eight enemies at once.
Your skin changes colour to match your surroundings (Stealth+).
Your rubbery body absorbs attacks. (AC +1, EV +1)


Message History

Okay, then.
The +10 fustibalus "Qedaqeox" {flame, rPois Str+3} stops flaming.
The +6 whip of Circular Logic {freeze, rC+} glows with a cold blue light!
b - the +6 whip of Circular Logic (weapon)
{freeze, rC+} You are engulfed in dark miasma.
You are more poisoned.
You feel your flesh rotting away!
You feel ill.
You feel as though you will be slow longer.
* * * LOW HITPOINT WARNING * * *
* * * LOW HITPOINT WARNING * * *
You feel sick. You block the death drake's attack.
A red film seems to cover your vision as you go berserk!
You feel yourself moving faster!
You feel mighty!
You are engulfed in dark miasma.
You are lethally poisoned!
* * * LOW HITPOINT WARNING * * *
* * * LOW HITPOINT WARNING * * *
You feel extremely sick. The death drake closely misses you.
You block the death drake's attack.
You whack the death drake!
The death drake seems to slow down.
You freeze the death drake.
You are engulfed in dark miasma.
You are more poisoned.
You feel your flesh rotting away!
You feel as though you will be slow longer.
* * * LOW HITPOINT WARNING * * *
* * * LOW HITPOINT WARNING * * *
You feel very sick. You block the death drake's attack.
You whack the death drake!
The death drake seems to slow down.
You freeze the death drake.
* * * LOW HITPOINT WARNING * * *
You feel very sick.
You barely miss the death drake. You squeeze the death drake.
You kill the death drake!
Okawaru accepts your kill.
* * * LOW HITPOINT WARNING * * *
You feel very sick.
There is a lethal amount of poison in your body!
Unknown command.
You are too berserk!
* * * LOW HITPOINT WARNING * * *
You feel very sick.
You feel a strong urge to attack something.
* * * LOW HITPOINT WARNING * * *
You feel very sick.
* * * LOW HITPOINT WARNING * * *
You feel very sick.
You feel your anger nearly subside.
You are no longer berserk.
You are exhausted.
You feel as though you will be slow longer.
You die...

#......##
#........÷#
#####.).#
#.....÷...#
##..##..#
#.........#
#....#.##
#.........#
##.##............#
##.#....#.........#
#.)##..##...........
#...#####...........
##.@....#...........
##
##.#########.######
#...#.#.(.#
#.....#.#
#..##.##.(# ##
#.#.#(## ..#
#...O.k..# #.#
#.#.####..9 #..
#.##..


There were no monsters in sight!

Vanquished Creatures
  Gastronok (D:8)
  Josephine (D:10)
  2 hydras
  3 catoblepae (Lair:6)
  2 two-headed ogres (D:10)
  12 death yaks
  A tengu warrior (D:11)
  Sonja (Lair:2)
  A death drake (shapeshifter) (D:11)
  A necromancer (IceCv)
  4 lindwurms (Lair:6)
  Pikel (D:4)
  2 manticores (Lair:6)
  5 elephants (Lair:5)
  A black mamba (Lair:3)
  Maurice (D:8)
  3 ice statues (IceCv)
  Psyche (D:8)
  2 spiny frogs (Lair:1)
  A torpor snail (Lair:4)
  4 komodo dragons
  3 rime drakes
  7 ice devils (IceCv)
  2 polar bears
  4 tyrant leeches (Lair:4)
  7 hippogriffs
  6 dream sheep (Lair:5)
  12 blink frogs
  A wyvern (Lair:4)
  28 yaks
  4 wraiths (D:10)
  2 basilisks
  A hungry ghost (D:8)
  6 swamp worms (Lair:4)
  Edmund (D:4)
  7 porcupines
  19 water moccasins
  3 ice beasts
  3 orc warriors
  A phantom (D:8)
  A necrophage (D:8)
  5 ogres
  11 wolves
  4 centaurs (Lair:3)
  5 crocodiles
  Blork the orc (D:5)
  2 big kobolds
  A gnoll sergeant (D:8)
  14 bullfrogs
  5 scorpions
  6 wights
  3 howler monkeys
  A centaur zombie (D:6)
  A crimson imp (D:5)
  2 bullfrog zombies (D:8)
  3 centaur skeletons
  2 draconian simulacra (IceCv)
  3 hounds
  4 jellies
  3 human zombies (D:8)
  6 orc wizards
  3 orc priests
  Jessica (D:3)
  6 worker ants
  Natasha (thrice) (D:2)
  2 iguanas (D:8)
  2 troll simulacra (IceCv)
  A spriggan simulacrum (IceCv)
  4 centaur simulacra (IceCv)
  An ogre zombie (D:8)
  3 mummies (D:8)
  7 gnolls
  9 adders
  A naga simulacrum (IceCv)
  A shadow imp (D:11)
  4 oozes
  2 adder skeletons (D:5)
  7 worms
  2 dart slugs
  5 leopard geckos
  29 orcs
  A ball python (D:3)
  8 bats
  7 giant cockroaches
  7 goblins
  8 hobgoblins
  6 jackals
  7 quokkas
  3 frilled lizards
  A jackal skeleton (D:7)
  2 kobolds (D:1)
  An orc zombie (D:8)
  6 rats
400 creatures vanquished.

Vanquished Creatures (others)
  A giant cockroach (D:5)
  A quokka (D:3)
  8 plants
10 creatures vanquished.

Grand Total: 410 creatures vanquished

Notes
Turn   | Place    | Note
-------+----------+-------------------------------------------
     0 | D:1      | LostNumber the Octopode Hunter began the quest for the Orb.
     0 | D:1      | Reached XP level 1. HP: 14/14 MP: 1/1
   148 | D:1      | Reached XP level 2. HP: 19/19 MP: 2/2
   804 | D:2      | Reached XP level 3. HP: 25/25 MP: 3/3
  1020 | D:2      | Noticed Natasha
  1030 | D:2      | Killed Natasha
  1030 | D:2      | Reached XP level 4. HP: 6/30 MP: 4/4
  1213 | D:2      | Noticed Natasha
  1224 | D:2      | Killed Natasha
  1224 | D:2      | Reached skill level 5 in Slings
  1528 | D:2      | Reached XP level 5. HP: 32/36 MP: 5/5
  1619 | D:2      | Noticed Natasha
  1625 | D:2      | Killed Natasha
  1904 | D:2      | Found a blossoming altar of Fedhas.
  1905 | D:2      | Found an ancient bone altar of Kikubaaqudgha.
  2103 | D:3      | Noticed Jessica
  2105 | D:3      | Killed Jessica
  2253 | D:3      | Found a white marble altar of Elyvilon.
  2276 | D:3      | Became a worshipper of Elyvilon the Healer
  2305 | D:3      | Reached XP level 6. HP: 31/42 MP: 6/6
  2930 | D:4      | Found a runed translucent door.
  2931 | D:4      | Noticed Crazy Yiuf
  3013 | D:4      | Reached skill level 1 in Invocations
  3036 | D:4      | Reached skill level 6 in Slings
  3346 | D:4      | Noticed Edmund
  3359 | D:4      | Killed Edmund
  3359 | D:4      | Reached skill level 1 in Shields
  3359 | D:4      | Reached XP level 7. HP: 23/47 MP: 8/8
  3475 | D:4      | Found a burning altar of Makhleb.
  3594 | D:4      | Reached * piety under Elyvilon
  3670 | D:4      | Reached skill level 5 in Stealth
  3903 | D:5      | Entered Level 5 of the Dungeon
  3908 | D:5      | Noticed Pikel
  4100 | D:4      | Killed Pikel
  4100 | D:4      | Reached skill level 7 in Slings
  4100 | D:4      | Reached XP level 8. HP: 10/54 MP: 8/10
  4324 | D:5      | Noticed Blork the orc
  4333 | D:5      | Killed Blork the orc
  5297 | D:6      | Reached ** piety under Elyvilon
  5313 | D:6      | Found a staircase to the Ecumenical Temple.
  5339 | Temple   | Entered the Ecumenical Temple
  5458 | Temple   | Fell from the grace of Elyvilon
  5458 | Temple   | Became a worshipper of Warmaster Okawaru
  5562 | D:6      | Got a translucent arbalest
  5616 | D:6      | Reached skill level 5 in Fighting
  6095 | D:7      | Reached XP level 9. HP: 61/61 MP: 10/12
  6103 | D:7      | Reached skill level 8 in Slings
  6145 | D:7      | Found Kuqog's Distillery.
  6712 | D:7      | Bought a potion of heal wounds for 75 gold pieces
  6712 | D:7      | Bought a potion of lignification for 45 gold pieces
  6867 | D:7      | Got a faintly glowing whip
  6886 | D:7      | Identified the +6 whip of Circular Logic {freeze, rC+} (You
                  | found it on level 7 of the Dungeon)
  6908 | D:8      | Reached * piety under Okawaru
  6909 | D:8      | Found a glowing golden altar of the Shining One.
  7472 | D:8      | Noticed Maurice
  7778 | D:8      | Killed Maurice
  7778 | D:8      | Reached skill level 5 in Invocations
  7784 | D:8      | Reached skill level 9 in Slings
  7785 | D:8      | Found a radiant altar of Vehumet.
  7785 | D:8      | Found a shattered altar of Ashenzari.
  8025 | D:8      | Reached ** piety under Okawaru
  8216 | D:8      | Found a shadowy altar of Dithmenos.
  8290 | D:8      | Noticed Psyche
  8434 | D:8      | Found a transporter.
  8451 | D:8      | Killed Psyche
  8451 | D:8      | Reached XP level 10. HP: 55/68 MP: 11/14
  8532 | D:8      | Reached skill level 5 in Shields
  8684 | D:8      | Found a transporter.
  8810 | D:8      | Noticed Gastronok
  8884 | D:8      | Killed Gastronok
  8884 | D:8      | Reached *** piety under Okawaru
  8884 | D:8      | Reached skill level 10 in Slings
  9301 | D:8      | Found a basalt altar of Yredelemnul.
  9345 | D:8      | Received a gift from Okawaru
 10138 | D:9      | Reached XP level 11. HP: 68/75 MP: 14/16
 10142 | D:9      | Reached skill level 10 in Stealth
 10305 | D:10     | Entered Level 10 of the Dungeon
 10329 | D:10     | Noticed a two-headed ogre
 10340 | D:10     | Killed a two-headed ogre
 10340 | D:10     | Reached **** piety under Okawaru
 10451 | D:10     | Reached skill level 1 in Maces & Flails
 10656 | D:10     | Noticed Josephine
 10723 | D:10     | Killed Josephine
 10723 | D:10     | Reached skill level 11 in Slings
 10940 | D:10     | Identified a scroll of acquirement
 10993 | D:10     | Noticed a two-headed ogre
 11000 | D:10     | Killed a two-headed ogre
 11265 | D:11     | Found a staircase to the Lair.
 11265 | D:11     | Noticed a death yak
 11299 | D:11     | Noticed a death yak
 11313 | D:11     | Noticed a death yak
 11338 | D:10     | Killed a death yak
 11338 | D:10     | Reached ***** piety under Okawaru
 11338 | D:10     | Received a gift from Okawaru
 11610 | Lair:1   | Entered Level 1 of the Lair of Beasts
 11614 | Lair:1   | Found a frozen archway.
 11785 | IceCv    | Entered an ice cave
 12000 | IceCv    | Received a gift from Okawaru
 13094 | IceCv    | Received a gift from Okawaru
 13316 | IceCv    | Received a gift from Okawaru
 13620 | IceCv    | HP: 2/77 [something] (27)]
 14376 | IceCv    | Reached XP level 12. HP: 82/82 MP: 14/17
 14392 | IceCv    | Received a gift from Okawaru
 14701 | Lair:1   | Got a fine fustibalus
 14702 | Lair:1   | Identified the +10 fustibalus "Qedaqeox" {flame, rPois
                  | Str+3} (You acquired it on level 1 of the Lair of Beasts)
 14811 | Lair:1   | Received a gift from Okawaru
 14863 | Lair:1   | Received a gift from Okawaru
 15233 | Lair:1   | Reached skill level 12 in Slings
 15513 | Lair:2   | Noticed Sonja
 15519 | Lair:2   | Killed Sonja
 15519 | Lair:2   | Received a gift from Okawaru
 16671 | Lair:3   | Noticed a seven-headed hydra
 16679 | Lair:3   | Killed a seven-headed hydra
 16679 | Lair:3   | Received a gift from Okawaru
 16719 | Lair:3   | Found a staircase to the Shoals.
 16780 | Lair:3   | Received a gift from Okawaru
 16828 | Lair:3   | Identified Qeth's Almanac of Venomous Conjuration
 17053 | Lair:4   | Noticed a four-headed hydra
 17130 | Lair:4   | Reached skill level 13 in Slings
 17351 | Lair:4   | Reached XP level 13. HP: 90/90 MP: 17/19
 17367 | Lair:4   | Reached ****** piety under Okawaru
 17849 | Lair:4   | Found a hole to the Spider Nest.
 17935 | Lair:4   | Received a gift from Okawaru
 18711 | Lair:5   | Received a gift from Okawaru
 18728 | Lair:5   | Got a steaming broad axe {god gift}
 18912 | Lair:5   | Reached skill level 10 in Fighting
 18931 | Lair:5   | Reached skill level 14 in Slings
 19022 | Lair:5   | Received a gift from Okawaru
 19302 | Lair:5   | Got a warped dire flail
 19510 | Lair:6   | Entered Level 6 of the Lair of Beasts
 19524 | Lair:6   | Found a runed translucent door.
 19524 | Lair:6   | Found a viscous altar of Jiyva.
 19524 | Lair:6   | Found a staircase to the Slime Pits.
 19659 | Lair:6   | Received a gift from Okawaru
 19688 | Lair:6   | Received a gift from Okawaru
 19699 | Lair:6   | Got a scorched shield {god gift}
 19710 | Lair:6   | Identified the +1 shield of the Red Skies {*Corrode rPois
                  | MR++ Str+6} (Okawaru gifted it to you on level 6 of the
                  | Lair of Beasts)
 20216 | Lair:6   | Reached skill level 10 in Shields
 20232 | Lair:6   | Reached XP level 14. HP: 94/99 MP: 20/20
 20304 | Lair:6   | Identified the +4 broad axe "Ehaifarr" {holy, +Blink Str-5
                  | Int+4} (Okawaru gifted it to you on level 5 of the Lair of
                  | Beasts)
 20422 | Lair:6   | Reached skill level 5 in Dodging
 20520 | Lair:6   | Identified the cursed +3 dire flail "Beetleslayer" {venom,
                  | rF+ MR+} (You found it on level 5 of the Lair of Beasts)
 20729 | Lair:6   | Received a gift from Okawaru
 20730 | Lair:6   | Got a brightly glowing hunting sling {god gift}
 21117 | D:11     | Found Qujuc's Magic Scroll Emporium.
 21146 | D:11     | Bought a scroll of teleportation for 36 gold pieces
 21146 | D:11     | Bought a scroll of blinking for 90 gold pieces
 21293 | D:11     | Succumbed to a death drake's dark miasma

Levels and vault maps discovered:
D:1:      psy_arrival_radial01, layout_loops_ring, minmay_misc_feat_room
D:2:      layout_loops_ring, grunt_temple_overflow_growth_and_decay,
          first_ration, minivault_23, uniq_natasha
D:3:      layout_basic, elyvilon_altar_4, uniq_jessica
D:4:      layout_loops_ring, grunt_ministairs_13, makhleb_heckhound_becter,
          uniq_crazy_yiuf_cottage, uniq_edmund
D:5:      layout_rooms, uniq_blork_the_orc, uniq_pikel
D:6:      layout_basic, minmay_temple_entry_ruins,
          chequers_serial_rivers_small_b, lightli_corner_chamber
D:7:      layout_basic, serial_shops, shop
D:8:      gammafunk_cloud_chamber, layout_rooms,
          chequers_temple_overflow_statue_of_worship,
          lemuel_mausoleum_altar_yredelemnul, uniq_psyche, uniq_maurice,
          uniq_gastronok
D:9:      layout_cross, blue_anna_alchemist [blue_anna_fruit_fields,
          blue_anna_fruit_fields]
D:10:     layout_roguey, grunt_decor_cap, uniq_josephine
D:11:     minmay_the_grid_net [minmay_the_grid_tree, minmay_the_grid_fan,
          minmay_the_grid_pillar_ring, minmay_the_grid_dragon_a,
          minmay_the_grid_odd_star, minmay_the_grid_prize_big_room],
          layout_irregular_city, dpeg_lair_monsters, serial_shops, shop,
          lemuel_altar_in_water2, uniq_erica
Temple:   regret_index_temple_generic_petals
Lair:1:   layout_regular_city, portal_ice_cave_entry_pillars_1,
          chequers_serial_rivers_micro_e
Lair:2:   layout_cave_pods, minmay_lair_oklob_chamber, uniq_sonja
Lair:3:   layout_roguey, minmay_shoals_entry_centaurs
Lair:4:   layout_big_grid, spider_nest_entry_web_field, worms_lemuel,
          grunt_megastairs_1, infiniplex_staircase_pool
Lair:5:   layout_regular_city, grunt_megastairs_2
Lair:6:   evilmike_catoblepas_cave, layout_long_grid, slime_altar_2,
          minmay_lindwurm_lava, infiniplex_staircase_pool_2,
          serial_bayou_shore_b

Skill      XL: |  1  2  3  4  5  6  7  8  9 10 11 12 13 14 |
---------------+-------------------------------------------+-----
Stealth        | 2 3 4 6 8 9 11 12 | 12.0
Slings         | 5 6 7 9 10 11 13 14 | 14.0
Fighting       | 3 4 5 6 7 8 9 10 11 | 11.2
Invocations    | 1 3 4 5 6 7 8 9 |  9.8
Shields        | 1 2 3 4 6 7 8 10 | 10.6
Maces & Flails | 3 4 |  4.0
Dodging        | 4 5 |  5.5
Short Blades   | |  0.1

Action                   |  1- 3 |  4- 6 |  7- 9 | 10-12 | 13-15 || total
-------------------------+-------+-------+-------+-------+-------++-------
Melee: Short sword       |     3 |    29 |     7 |       |       ||    39
       Constrict         |       |     6 |    39 |    26 |     4 ||    75
       Tentacles         |       |     6 |    39 |    78 |     3 ||   126
       Whip              |       |       |   143 |   280 |    11 ||   434
       Scimitar          |       |       |    18 |       |       ||    18
       Punch             |       |       |       |    11 |       ||    11
 Fire: Hunting sling     |    77 |   143 |   230 |   210 |       ||   660
       Fustibalus        |       |       |       |   233 |   394 ||   627
Invok: Heroism           |       |       |     2 |    29 |     8 ||    39
       Finesse           |       |       |       |       |     2 ||     2
  Use: Scroll            |       |     6 |     8 |    12 |    14 ||    40
       Potion            |       |       |     1 |     3 |     1 ||     5
 Stab: Sleeping          |       |     2 |     1 |     7 |       ||    10
  Eat: Chunk             |       |     7 |    17 |    13 |    12 ||    49
       Ration            |       |       |     2 |     4 |       ||     6
Armor: Skin              |       |     5 |     8 |     4 |     2 ||    19
Dodge: Dodged            |     6 |    33 |    46 |    59 |    32 ||   176
Block: Large shield      |       |    13 |   189 |   310 |   129 ||   641
       Reflection        |       |       |     3 |       |       ||     3
